 Dungeon Crawl Stone Soup version 0.28.0-45-g0d030f2227 (webtiles) character file.

Game seed: 6263255098160276297

256 MalarOregon the Magician (level 5, -8/41 HPs)
             Began as a Palentonga Hedge Wizard on Apr 19, 2022.
             Killed by divine providence
             ... invoked by an orc priest
              (13 damage)
             ... on level 3 of the Dungeon.
             The game lasted 00:13:00 (3674 turns).

MalarOregon the Magician (Palentonga Hedge Wizard)  Turns: 3674, Time: 00:13:00

Health: -8/41      AC:  4    Str: 13    XL:     5   Next: 92%
Magic:  7/11       EV:  9    Int: 17    God:
Gold:   107        SH:  5    Dex:  9    Spells: 4/12 levels left

rFire   . . .      SeeInvis +   a - +0 dagger
rCold   . . .      Faith    .   (no shield)
rNeg    . . .      Spirit   .   l - +0 leather armour
rPois   .          Reflect  +   c - +0 hat
rElec   .          Harm     .   (no cloak)
rCorr   .          Rampage  .   (no gloves)
Will    .....                   (no barding)
Stlth   +.........              h - amulet of reflection
HPRegen 0.13/turn               (no ring)
MPRegen 0.12/turn               (no ring)

@: no status effects
A: large, rugged brown scales 3, see invisible, deformed body, roll 1, armoured
tail
a: Rolling Charge


You were on level 3 of the Dungeon.
You visited 1 branch of the dungeon, and saw 5 of its levels.

You collected 107 gold pieces.


Innate Abilities, Weirdness & Mutations

You are completely covered in rugged brown scales. (AC +3, +7% HP)
You have supernaturally acute eyesight. (SInv)
Armour fits poorly on your strangely shaped body.
You can roll at nearby foes to attack.
You have a long armoured tail.


   Skills:
 * Level 2.5 Fighting
 + Level 1.0 Armour
 + Level 2.2 Dodging
 - Level 1.2 Stealth
 + Level 4.0 Spellcasting
 + Level 1.7 Conjurations
 + Level 1.6 Summonings
 + Level 2.0 Translocations
 + Level 0.0 Air Magic
 + Level 0.0 Poison Magic


You had 4 spell levels left.
You knew the following spells:

 Your Spells              Type           Power      Damage    Failure   Level
a - Magic Dart            Conj           36%        1d4       10%         1
b - Blink                 Tloc           20%        N/A       13%         2
f - Mephitic Cloud        Conj/Pois/Air  5%         N/A       43%         3
x - Call Imp              Summ           9%         N/A       16%         2

Your spell library contained the following spells:

 Spells                   Type           Power      Damage    Failure   Level
 Slow                     Hex            12%        N/A       21%         1
 Conjure Flame            Conj/Fire      6%         6-21      38%         3

Inventory:

Hand Weapons
 a - a +0 dagger (weapon)
Armour
 c - a +0 hat (worn)
 l - a +0 leather armour (worn)
   (You found it on level 2 of the Dungeon)
Jewellery
 d - a ring of ice
   (You acquired it on level 3 of the Dungeon)
 h - an amulet of reflection (around neck)
   (You found it on level 1 of the Dungeon)
Potions
 b - a potion of brilliance
 e - a potion of degeneration {!q}
 f - a potion of attraction {!q}

Dungeon Overview and Level Annotations

Branches:
Dungeon (5/15)
 Temple: D:4-7

Altars:
Kikubaaqudgha

######### ##### #.......#
....# #.......#
....######.......#
........##.......#
........##.......####
................@5o>#
........##.......##.####
##########.............#
###############.......####
#........# #............#
##........####.#.......##.#
...............#.##+#...#.#
.#....................###.#
.#........###......<....#.#


You could see an orc priest (ally target) and a friendly crimson imp (summoned).


Message History

Confirm with . or Enter, or press ? or * to list all spells.
Aiming: Magic Dart (safe; 10% risk of failure)
Press: ? - help, Shift-Dir - straight line, f/p - orc wizard
Aim: an orc wizard, wielding a +0 spear and wearing a +0 robe (heavily wounded, 100% to hit)
The magic dart hits the orc wizard but does no damage.
The orc wizard barely misses you. You block the orc's attack.
The orc wizard hits you from afar with a +0 spear.
You climb upwards.
There is a stone staircase leading down here.
You hit the orc. You tail-slap the orc. The orc barely misses you.
You barely miss the orc. The orc barely misses you.
You hit the orc. The orc barely misses you.
Your magical contamination has completely faded away.
You hit the orc.
You kill the orc!
No target in view!
You start resting.
You start resting.
You climb downwards.
The orc wizard gestures at you while chanting.
The puff of flame hits you!
There is a stone staircase leading up here.
Casting: Magic Dart (safe; 10% risk of failure)
Confirm with . or Enter, or press ? or * to list all spells.
Aiming: Magic Dart (safe; 10% risk of failure)
Press: ? - help, Shift-Dir - straight line, f - orc wizard
Aim: an orc wizard, wielding a +0 spear and wearing a +0 robe (lightly wounded, 100% to hit)
The magic dart hits the orc wizard.
The orc shouts!
The orc wizard mumbles some strange words.
The orc wizard flickers and vanishes for a moment.
Casting: Magic Dart (safe; 10% risk of failure)
Confirm with . or Enter, or press ? or * to list all spells.
Aiming: Magic Dart (safe; 10% risk of failure)
Press: ? - help, Shift-Dir - straight line, f/p - orc wizard
Aim: an orc wizard, wielding a +0 spear and wearing a +0 robe (moderately wounded, slightly transparent, 100% to hit)
The magic dart hits the orc wizard but does no damage.
The orc wizard gestures at you while chanting.
The magic dart hits you.
The orc priest mumbles some strange prayers to Beogh against you.
Beogh smites you!
* * * LOW HITPOINT WARNING * * *
The orc wizard hits you from afar with a +0 spear.
* * * LOW HITPOINT WARNING * * *
You climb upwards.
There is a stone staircase leading down here.
Unknown command.
Press: ? - help, v - describe, . - travel
Here: an orc priest, wielding a +0 flail and wearing a +0 ring mail The floor.
Unknown command.
Casting: Magic Dart (safe; 10% risk of failure)
Confirm with . or Enter, or press ? or * to list all spells.
A beastly little devil appears in a puff of flame.
The orc priest hits you with a +0 flail!
* * * LOW HITPOINT WARNING * * *
You swap places.
The orc priest misses you.
Your crimson imp hits the orc priest but does no damage.
Things that are here:
a +0 ring mail; a +0 whip; an orc corpse The orc priest mumbles some strange prayers to Beogh against your crimson imp.
Your crimson imp is smitten.
Your crimson imp hits the orc priest.
Casting: Call Imp (safe; 16% risk of failure)
Confirm with . or Enter, or press ? or * to list all spells.
You miscast Call Imp.
You are very lightly contaminated with residual magic.
Nothing appears to happen.
Your crimson imp hits the orc priest but does no damage.
Casting: Call Imp (safe; 16% risk of failure)
Confirm with . or Enter, or press ? or * to list all spells.
Okay, then.
Okay, then.
You aren't carrying any scrolls.
You barely miss the orc priest. You block the orc priest's attack.
Your crimson imp hits the orc priest but does no damage.
You hit the orc priest but do no damage.
Your tail-slap misses the orc priest.
The orc priest barely misses you.
Your crimson imp blinks!
You hit the orc priest but do no damage.
The orc priest hits you but does no damage.
You hit the orc priest.
The orc priest begins to cast a cantrip, but forgets the words!
You hit the orc priest but do no damage.
The orc priest barely misses you.
Your crimson imp hits the orc priest but does no damage.
You hit the orc priest. You tail-slap the orc priest.
The orc priest barely misses you.
Your crimson imp blinks!
Your magical contamination has completely faded away.
You hit the orc priest.
The orc priest hits you with a +0 flail.
* * * LOW HITPOINT WARNING * * *
You hit the orc priest.
The orc priest looks braver for a moment.
You swap places.
The orc priest invokes the aid of Beogh against you.
Beogh smites you!
You die...

Skill      XL: |  1  2  3  4  5 |
---------------+----------------+-----
Conjurations   | 1 |  1.7
Fighting       | 1 2 |  2.5
Summonings     | 1 |  1.6
Dodging        | 2 |  2.2
Armour         | 1 |  1.0
Spellcasting   | 4 |  4.0
Translocations | 2 |  2.0
Stealth        | |  1.2

Action                   |  1- 3 |  4- 6 || total
-------------------------+-------+-------++-------
Melee: Dagger            |   109 |   108 ||   217
       Tailslap          |    10 |    21 ||    31
       Punch             |     1 |     2 ||     3
       Unarmed           |       |    15 ||    15
 Cast: Magic Dart        |    15 |    26 ||    41
       Call Imp          |     5 |     2 ||     7
       Blink             |       |     2 ||     2
 Abil: Rolling Charge    |     1 |       ||     1
  Use: Scroll            |     7 |       ||     7
       Potion            |       |     1 ||     1
 Stab: Sleeping          |     2 |     1 ||     3
       Distracted        |     1 |       ||     1
Armor: Robe              |    25 |       ||    25
       Leather armour    |    14 |    63 ||    77
       Skin              |       |    54 ||    54
Dodge: Dodged            |    44 |    86 ||   130
Block: Other             |    18 |    49 ||    67
       Reflection        |     1 |       ||     1

Levels and vault maps discovered:
D:1:      dpeg_arrival_circle_labyrinth_c, layout_loops_ring
D:2:      layout_basic
D:3:      layout_basic, kennysheep_vampire_church
D:4:      layout_rooms, portal_sewer_entry_a
D:5:      layout_basic, nicolae_dithmenos_shadow_blocks,
          mainiacjoe_overflow_concentric_impassable, serial_shops, shop

Notes
Turn   | Place    | Note
-------+----------+-------------------------------------------
     0 | D:1      | MalarOregon the Palentonga Hedge Wizard began the quest for
                  | the Orb.
     0 | D:1      | Reached XP level 1. HP: 13/13 MP: 4/4
   237 | D:1      | Reached skill level 1 in Conjurations
   522 | D:1      | Reached XP level 2. HP: 21/21 MP: 6/6
   668 | D:1      | Learned a level 2 spell: Blink
   671 | D:1      | Learned a level 2 spell: Call Imp
  1204 | D:1      | Reached skill level 1 in Fighting
  1204 | D:1      | Reached skill level 1 in Summonings
  1620 | D:2      | Reached XP level 3. HP: 27/27 MP: 7/7
  2062 | D:3      | Identified a scroll of acquirement
  2062 | D:3      | Acquired a ring of ice
  2098 | D:3      | You fall into a shaft and drop 2 floors!
  2098 | D:5      | Entered Level 5 of the Dungeon
  2198 | D:5      | Reached XP level 4. HP: 14/34 MP: 4/9
  2202 | D:5      | HP: 8/34 [orc/boomerang (5)]
  2210 | D:4      | HP: 8/51 [centaur skeleton (1)]
  2215 | D:4      | HP: 3/51 [iguana (3)]
  2222 | D:4      | HP: 2/51 [centaur skeleton (2)]
  2224 | D:4      | Reached skill level 2 in Dodging
  2406 | D:4      | Reached skill level 2 in Fighting
  2406 | D:4      | Reached XP level 5. HP: 25/40 MP: 5/10
  2568 | D:4      | Identified the +1 leather armour "Vyutiu" {Regen+ Str+9
                  | Dex+4}
  2599 | D:3      | HP: 8/40 [adder (3)]
  2602 | D:3      | HP: 3/40 [poisoned by an adder]
  3376 | D:3      | Found an ancient bone altar of Kikubaaqudgha.
  3384 | D:3      | Reached skill level 1 in Armour
  3384 | D:3      | Reached skill level 4 in Spellcasting
  3384 | D:3      | Reached skill level 2 in Translocations
  3468 | D:3      | Learned a level 3 spell: Mephitic Cloud
  3662 | D:3      | HP: 5/41 [orc priest/+0 flail (8)]
  3672 | D:3      | HP: 5/41 [orc priest/+0 flail (2)]
  3674 | D:3      | Killed from afar by an orc priest

Vanquished Creatures
  2 vampire bats (D:3)
  A centaur skeleton (D:4)
  An iguana (D:4)
  2 adders
  2 worms
  A dart slug (D:1)
  9 orcs
  9 ball pythons
  A bat skeleton (D:3)
  4 bat zombies (D:3)
  An endoplasm (D:3)
  4 giant cockroaches
  2 goblins (D:1)
  A hobgoblin (D:1)
  5 kobolds
  3 quokkas
  3 bats (D:1)
  2 frilled lizards
  3 rats
56 creatures vanquished.

Vanquished Creatures (collateral kills)
  A hound (D:5)
  An orc (D:5)
2 creatures vanquished.

Grand Total: 58 creatures vanquished

Table legend:
 A = Non-vault XP
 B = Vault XP
 C = Vault XP percentage of total XP
 D = Non-vault monster count
 E = Vault monster count
 F = Vault count percentage of total count
                 A         B        C        D         E       F
            +---------+---------+-------+---------+---------+-------
      Total |     247 |     120 |  32.7 |      51 |       7 |  12.1
            +---------+---------+-------+---------+---------+-------
        D:1 |      29 |       0 |   0.0 |      15 |       0 |   0.0
        D:2 |      17 |       0 |   0.0 |       9 |       0 |   0.0
        D:3 |      44 |     120 |  73.2 |      14 |       7 |  33.3
        D:4 |     108 |       0 |   0.0 |      10 |       0 |   0.0
        D:5 |      49 |       0 |   0.0 |       3 |       0 |   0.0
            +---------+---------+-------+---------+---------+-------

Illustrated notes

Table legend:
 A = Kills in this place as a percentage of kills in entire the game.
 B = Kills by you in this place as a percentage of kills by you in the entire game.
 C = Kills by friends in this place as a percentage of kills by friends in the entire game.
 D = Other kills in this place as a percentage of other kills in the entire game.
 E = Experience gained in this place as a percentage of experience gained in the entire game.
 F = Experience gained in this place divided by the number of levels of this place that you have seen.
                   A       B       C       D       E      F
               +-------+-------+-------+-------+-------+----------------------
         Total | 100.0 | 100.0 | 100.0 |   N/A | 100.0 |  73.4
       Dungeon | 100.0 | 100.0 | 100.0 |   N/A | 100.0 |  73.4
               +-------+-------+-------+-------+-------+----------------------

Table legend: (Time is in decaauts)
 A = Elapsed time spent in this place.
 B = Non-inter-level travel time spent in this place.
 C = Inter-level travel time spent in this place.
 D = Time resting spent in this place.
 E = Time spent auto-exploring this place.
 F = Levels seen in this place.
 G = Mean time per level.
                   A        B        C        D        E       F      G
               +--------+--------+--------+--------+--------+-----+--------+
         Total |   3675 |   3610 |     65 |    880 |   1992 |   5 |  735.0 |
       Dungeon |   3675 |   3610 |     65 |    880 |   1992 |   5 |  735.0 |
               +--------+--------+--------+--------+--------+-----+--------+

Top non-repeatable levels by time:
     D:1: 1286 daAuts
     D:3: 1277 daAuts
     D:2: 552 daAuts
     D:4: 450 daAuts
     D:5: 108 daAuts
